Cogmind - Beta 13 @@@ ROGUE MODE // 2024.04.11 @ 16:01:47 Player: Vriska Result: Destroyed by C-17 Slicer with Blade Saw Performance ------------- Evolutions (4) 2000 Regions Visited (11) 2200 Robots Destroyed (103) 515 Value Destroyed (3538) 3538 Prototype IDs (30) 600 Alien Tech Used (0) 0 Bonus (1710) 1710 TOTAL SCORE: 10563 Bonus ------- High Alert Combat Kills 171 Follower Combat Kills 1608 Aligned with FarCom 300 Friendly Fire -369 Cogmind --------- Core Integrity 0/850 Matter 300/300 Energy 99/100 System Corruption 19% Temperature Cool (0) Movement Core (50) Location -6/Factory Parts ------- > --- POWER (2) -------- (None) > --- PROPULSION (3) --- (None) > --- UTILITY (6) ------ (None) > --- WEAPON (4) ------- (None) > --- INVENTORY (5) ---- Medium Treads Triangulator Weapon Cycler Missile Launcher Improved Datajack Peak State ------------ > --- POWER ------------ Hybrid Deuterium Engine Antimatter Reactor > --- PROPULSION ------- Improved Medium Treads Heavy Treads > --- UTILITY ---------- Improved Signal Interpreter Advanced Targeting Computer Advanced Targeting Computer Advanced Targeting Computer Core Analyzer Advanced Hacking Suite > --- WEAPON ----------- Precision Assault Rifle Precision Assault Rifle Coil Gun Coil Gun > --- INVENTORY -------- Light Treads Triangulator Advanced ECM Suite Improved Datajack [Rating: 71] Favorites ----------- Power Ion Engine Engine Ion Engine Power Core Light Fission Core Reactor Antimatter Reactor Propulsion Light Treads Treads Light Treads Hover Unit Backup Propulsion III Utility Advanced Targeting Computer Device Advanced ECM Suite Storage Medium Storage Unit Processor Advanced Targeting Computer Hackware Advanced Hacking Suite Protection Hardened Medium Armor Plating Weapon Precision Assault Rifle Energy Gun EM Shotgun Energy Cannon Heavy Neutron Cannon Ballistic Gun Precision Assault Rifle Ballistic Cannon Slug Cannon Launcher Rocket Launcher Special Melee Weapon Datajack Build | -11 -10 -10 -10 -9 -8 -7 -7 -7 -6 -6 -6 ------- Run | Yrd Mat Min Exi Min Mat Fac Was Fac Fac Was Fac Slots Evolved 8 | . . . . . 4 2 . . 2 . . Power 1 | . . . . . . . . . 1 . . Propulsion 1 | . . . . . 1 . . . . . . Utility 4 | . . . . . 1 2 . . 1 . . Weapon 2 | . . . . . 2 . . . . . . Parts Attached 89 | 6 8 . . 1 13 7 12 9 9 5 19 Power 10 | 1 1 . . . . 2 1 1 1 1 2 Engine 7 | 1 1 . . . . 2 . 1 1 . 1 Core 1 | . . . . . . . . . . . 1 Reactor 2 | . . . . . . . 1 . . 1 . Propulsion 17 | 2 2 . . . 3 1 . 2 1 1 5 Treads 16 | 2 2 . . . 3 . . 2 1 1 5 Leg . | . . . . . . . . . . . . Wheel . | . . . . . . . . . . . . Hover 1 | . . . . . . 1 . . . . . Flight . | . . . . . . . . . . . . Utility 21 | 1 1 . . 1 2 3 3 5 2 1 2 Device 2 | . . . . . . . 2 . . . . Storage 2 | 1 1 . . . . . . . . . . Processor 9 | . . . . 1 2 . . 3 2 . 1 Hackware 2 | . . . . . . 1 1 . . . . Protection 6 | . . . . . . 2 . 2 . 1 1 Artifact . | . . . . . . . . . . . . Weapon 41 | 2 4 . . . 8 1 8 1 5 2 10 Energy Gun 9 | . 3 . . . 4 . . . 1 . 1 Energy Cannon 7 | . . . . . . . 3 . . . 4 Ballistic Gun 15 | 2 . . . . 3 . 3 1 3 . 3 Ballistic Cannon 5 | . . . . . 1 . 1 . . 2 1 Launcher 3 | . 1 . . . . . 1 . 1 . . Special Weapon . | . . . . . . . . . . . . Impact Weapon . | . . . . . . . . . . . . Slashing Weapon . | . . . . . . . . . . . . Piercing Weapon . | . . . . . . . . . . . . Special Melee Weapon 2 | . . . . . . 1 . . . . 1 Unidentified Prototypes 6 | . . . . . 1 . 2 . . . 3 Parts Lost 24 | . . . . . 6 . 4 . 5 3 6 Power 3 | . . . . . 1 . 1 . 1 . . Propulsion 5 | . . . . . 3 . . . . . 2 Utility 7 | . . . . . . . 1 . 1 1 4 Weapon 9 | . . . . . 2 . 2 . 3 2 . Highest Loss Streak 6 | . . . . . 6 . 2 . 3 3 6 To Critical Strikes 2 | . . . . . . . . . 1 1 . Average Slot Usage (%) 82 | . 84 85 85 90 94 40 68 86 86 72 76 Engine 9 | . 13 14 14 14 8 3 5 7 9 8 5 Treads 16 | . 27 28 28 28 25 . . 13 13 2 14 Hover 1 | . . . . . . 3 11 1 . 6 . Storage 4 | . 14 14 14 14 9 1 . . . . . Processor 17 | . . . . 4 17 15 15 23 27 33 27 Hackware 3 | . . . . . . 5 8 7 6 1 . Protection 1 | . . . . . . 2 . 2 2 2 4 Energy Gun 8 | . 17 28 28 28 18 . . . 1 7 3 Ballistic Gun 11 | . 5 . . . 6 . 17 22 21 4 . Ballistic Cannon 3 | . . . . . 8 . 4 7 . 4 11 Launcher 1 | . 4 . . . . . . . 1 . . Naked Turns 48 | . . . . . . . . . . . 48 Heaviest Build 71 | 13 21 21 21 21 32 10 28 34 43 41 71 Greatest Support 100 | 40 40 40 40 40 62 9 16 90 100 100 66 Greatest Overweight (x) 5 | . . . . . 4 3 5 1 . 1 1 Average Overweight (x) . | . . . . . . . . . . . . Largest Inventory Capacity 10 | 8 10 10 10 10 10 10 5 5 5 5 5 Average Capacity 6 | 7 9 10 10 10 10 5 5 5 5 5 5 Most Carried 10 | 4 10 10 10 10 9 6 5 5 5 5 5 Average Carried 5 | 1 6 9 9 9 6 4 3 4 4 4 4 Final Capacity 10 | 8 10 10 10 10 10 5 5 5 5 5 5 Final Carried 10 | 1 9 10 9 9 6 5 4 5 4 5 5 Class Distribution -------------------- 38% | Gunner 36% | Mutant 10% | Scavenger-Gunner 8% | Skirmisher 4% | Derelict-Skirmisher Dominant Class ---------------- Mutant | -10/Materials Mutant | -10/Mines Mutant | -10/Exiles Mutant | -9/Mines Skirmisher | -8/Materials Mutant | -7/Factory Derelict-Skirmisher | -7/Waste Gunner | -7/Factory Gunner | -6/Factory Gunner | -6/Waste Gunner | -6/Factory Resources | -11 -10 -10 -10 -9 -8 -7 -7 -7 -6 -6 -6 ----------- Run | Yrd Mat Min Exi Min Mat Fac Was Fac Fac Was Fac Matter Collected 3342 | 241 239 39 . 19 392 . 247 228 1062 223 652 Remotely . | . . . . . . . . . . . . Salvage Created 4407 | . 475 58 . . 684 . . 356 1343 1029 462 Parts 228 | . 44 5 . . 45 . . 14 77 13 30 Haulers Intercepted . | . . . . . . . . . . . . Recyclers Shooed 2 | . 2 . . . . . . . . . . Parts Field Recycled . | . . . . . . . . . . . . Retrieved Matter . | . . . . . . . . . . . . Parts Self-Destructed . | . . . . . . . . . . . . Prevented . | . . . . . . . . . . . . Kills | -11 -10 -10 -10 -9 -8 -7 -7 -7 -6 -6 -6 ------- Run | Yrd Mat Min Exi Min Mat Fac Was Fac Fac Was Fac Combat Hostiles Destroyed 75 | . 13 3 . . 13 . . 8 26 3 9 Guns 48 | . 4 3 . . 9 . . 6 23 3 . Cannons 15 | . . . . . 4 . . 2 . . 9 AOE 12 | . 9 . . . . . . . 3 . . Classes Destroyed 15 | . 7 . . . 2 . . 2 . 1 3 Worker 6 | . 1 . . . 2 . . . 1 . 2 Builder 6 | . 1 . . . 3 . . . 1 . 1 Recycler 2 | . 1 . . . . . . . 1 . . Operator 2 | . 2 . . . . . . . . . . Watcher 10 | . 3 . . . 1 . . . 4 . 2 Swarmer 21 | . 6 3 . . 3 . . . 9 . . Grunt 29 | . 7 . . . 4 . . 6 10 . 2 Protector 1 | . . . . . . . . . . . 1 Sentry 6 | . . . . . 4 . . 1 1 . . Specialist 1 | . . . . . . . . . . . 1 Hunter 5 | . . . . . 2 . . . . . 3 Programmer 8 | . . . . . . . . 1 5 . 2 Compactor 3 | . . . . . . . . . . 3 . Surgeon 1 | . . . . . . . . 1 . . . Thug 1 | . . . . . . . . . 1 . . Martyr 1 | . . . . . . . . . . . 1 Best Kill Streak 7 | . 7 3 . . 5 . . 3 6 2 5 Combat Bots Only 5 | . 5 3 . . 3 . . 3 4 2 5 Max Kills in Single Turn 4 | . 4 2 . . 2 . . 2 3 1 2 Gunslinging 1 | . 1 . . . . . . . . . . Exploded 3 | . 3 . . . . . . . 3 . . Melee . | . . . . . . . . . . . . Uniques/NPCs Destroyed . | . . . . . . . . . . . . Combat | -11 -10 -10 -10 -9 -8 -7 -7 -7 -6 -6 -6 -------- Run | Yrd Mat Min Exi Min Mat Fac Was Fac Fac Was Fac Hostile Shots Fired 465 | . 37 10 . . 115 . 2 18 169 4 110 Missed 151 | . 14 5 . . 43 . . 4 53 . 32 Damage Taken 5740 | . 300 43 . . 1429 . 166 245 1628 163 1766 Core 1513 | . 80 8 . . 377 . 137 47 130 39 695 Absorbed by Shields . | . . . . . . . . . . . . Regen/Repaired (Parts) 421 | . 166 . . . . . . 6 102 . 147 Core Remaining (%) 67 | 100 . . . 64 31 . . 73 . . . Volleys Fired 199 | . 42 3 . . 33 . 9 14 59 13 26 Largest 4 | . 2 2 . . 4 . 3 4 4 4 3 Hottest 280 | . 90 90 . . 179 . 214 142 146 116 280 Shots Fired 578 | . 60 6 . . 107 . 13 55 216 53 68 Gun 433 | . 54 6 . . 77 . 6 41 195 53 1 Cannon 134 | . . . . . 30 . 6 14 17 . 67 Launcher 11 | . 6 . . . . . 1 . 4 . . Special . | . . . . . . . . . . . . Kinetic 457 | . 34 . . . 55 . 6 55 203 52 52 Thermal 30 | . . . . . 9 . 4 . . 1 16 Explosive 11 | . 6 . . . . . 1 . 4 . . Electromagnetic 80 | . 20 6 . . 43 . 2 . 9 . . Robot Hit Streak 33 | . 6 4 . . 18 . 10 17 20 33 8 Robot Miss Streak 10 | . 3 3 . . 10 . 1 3 5 1 3 Penetration Max 1 | . . . . . 1 . . 1 . . 1 Secondary Targets 2 | . 1 . . . . . . . 1 . . Max Gunslinging Chain 1 | . 1 . . . . . . . 1 . . Shots Hit Robots 389 | . 36 5 . . 79 . 12 36 135 46 40 Core Hits 200 | . 31 4 . . 51 . . 20 56 17 21 Critical Kills 9 | . . . . . 1 . . 1 4 1 2 Critical Parts Destroyed 4 | . . . . . . . . 3 1 . . Critical Strikes 14 | . . . . . 2 . . 4 5 1 2 Burn 1 | . . . . . 1 . . . . . . Destroy 13 | . . . . . 1 . . 4 5 1 2 Melee Attacks . | . . . . . . . . . . . . Impact . | . . . . . . . . . . . . Slashing . | . . . . . . . . . . . . Piercing . | . . . . . . . . . . . . Sneak Attacks . | . . . . . . . . . . . . Combat Hostiles . | . . . . . . . . . . . . Follow-up Attacks . | . . . . . . . . . . . . Damage Inflicted 9849 | . 1130 48 . . 1399 . 338 947 3057 968 1962 Guns 6083 | . 432 48 . . 996 . 120 704 2793 968 22 Cannons 2651 | . . . . . 362 . 82 239 59 . 1909 Explosions 1080 | . 698 . . . 41 . 136 . 205 . . Melee . | . . . . . . . . . . . . Ramming 35 | . . . . . . . . 4 . . 31 Kinetic 7318 | . 220 . . . 823 . 120 943 2788 956 1468 Thermal 719 | . 38 . . . 128 . 78 . . 12 463 Explosive 1001 | . 660 . . . . . 136 . 205 . . Electromagnetic 776 | . 212 48 . . 448 . 4 . 64 . . Impact . | . . . . . . . . . . . . Slashing . | . . . . . . . . . . . . Piercing . | . . . . . . . . . . . . Highest Corruption 19 | . 2 2 2 2 . . . 1 2 2 19 Average Corruption 2 | . 1 2 2 2 . . . 1 2 2 5 Corruption Purged . | . . . . . . . . . . . . Corruption Blocked . | . . . . . . . . . . . . Effects 95 | . 12 5 10 4 . . . 3 24 10 27 Message Errors 20 | . 6 . 5 . . . . . 2 1 6 Matter Fused 24 | . 3 2 1 2 . . . 1 9 2 4 Heat Flow Errors 8 | . . . 2 . . . . . 3 2 1 Energy Discharges 15 | . . 1 1 . . . . 1 6 2 4 Parts Rejected 1 | . . . . . . . . . . . 1 Data Loss (minor) 14 | . 2 1 . 1 . . . . 2 1 7 Data Loss (major) 7 | . 1 1 1 1 . . . . . 1 2 Misfires 2 | . . . . . . . . . 1 1 . Alerts 1 | . . . . . . . . . 1 . . Misdirections 2 | . . . . . . . . . . . 2 Weapon Failures 1 | . . . . . . . . 1 . . . Overload Shots . | . . . . . . . . . . . . Overflow Damage 157 | . 32 . . . . . . 26 . . 99 Projectiles 125 | . . . . . . . . 26 . . 99 Explosions 32 | . 32 . . . . . . . . . . Melee . | . . . . . . . . . . . . Knockbacks 17 | . . . . . 5 . . 5 1 . 6 Impact . | . . . . . . . . . . . . Kinetic 15 | . . . . . 5 . . 4 1 . 5 Secondary 2 | . . . . . . . . 1 . . 1 Self-Inflicted Damage 25 | . . . . . . . 11 . . . 14 Shots 1 | . . . . . . . 1 . . . . Rammed 7 | . . . . . . . . 1 . . 6 Targets Rammed 7 | . . . . . . . . 1 . . 6 Kicked . | . . . . . . . . . . . . Crushed . | . . . . . . . . . . . . Highest Temperature 591 | . 216 72 239 . 271 . 129 190 379 230 591 Average Temperature 115 | . 67 35 106 . 85 . 70 66 118 44 175 Received Heat Transfer 1138 | . 138 . . . 243 . . 120 309 . 328 Effects 35 | . . . . . 2 . . . 2 . 31 Shutdowns 13 | . . . . . . . . . 2 . 11 Interference 8 | . . . . . 2 . . . . . 6 Matter Decay 1 | . . . . . . . . . . . 1 Short Circuit 1 | . . . . . . . . . . . 1 Damage (minor) 5 | . . . . . . . . . . . 5 Damage (major) 7 | . . . . . . . . . . . 7 Siege Activations . | . . . . . . . . . . . . Robots Corrupted . | . . . . . . . . . . . . Combat Hostiles . | . . . . . . . . . . . . Parts Fried 5 | . 1 . . . 4 . . . . . . Impact Corruptions . | . . . . . . . . . . . . Robots Melted . | . . . . . . . . . . . . Combat Hostiles . | . . . . . . . . . . . . Parts Melted . | . . . . . . . . . . . . Heat Transferred 657 | . 50 . . . 359 . 137 . . 37 74 Parts Sabotaged . | . . . . . . . . . . . . Parts Stolen . | . . . . . . . . . . . . Parts Stripped . | . . . . . . . . . . . . Power Chain Reactions 2 | . 1 . . . 1 . . . . . . Alert | -11 -10 -10 -10 -9 -8 -7 -7 -7 -6 -6 -6 ------- Run | Yrd Mat Min Exi Min Mat Fac Was Fac Fac Was Fac Peak Influence 832 | . 173 109 . . 276 29 30 600 380 148 832 Initial 144 | . . 24 . . . 29 10 . 144 133 . Average 192 | . 57 107 . . 117 29 8 265 266 89 442 Maximum Alert Level 3 | . . . . . 1 . . 2 1 . 3 Low Security (%) 59 | 100 100 100 . 100 81 100 100 26 20 100 35 Level 1 32 | . . . . . 18 . . 63 79 . 9 Level 2 4 | . . . . . . . . 10 . . 21 Level 3 4 | . . . . . . . . . . . 33 Level 4 . | . . . . . . . . . . . . Level 5 . | . . . . . . . . . . . . High Security . | . . . . . . . . . . . . Max Security . | . . . . . . . . . . . . Squads Dispatched 34 | . 3 . . . 4 1 . 6 9 . 11 Investigation 7 | . 1 . . . 1 1 . 2 1 . 1 Extermination 9 | . . . . . . . . 2 5 . 2 Reinforcement 14 | . 2 . . . 3 . . . 3 . 6 Assault 3 | . . . . . . . . 1 . . 2 Garrison 1 | . . . . . . . . 1 . . . Intercept . | . . . . . . . . . . . . Searches Triggered . | . . . . . . . . . . . . Construction Impeded 1 | . . . . . . . . . . . 1 Haulers Reinforced 2 | . . . . . . . . . 2 . . Active Scanning Responses . | . . . . . . . . . . . . Cargo Convoy Interrupts 1 | . . . . . . . . . . . 1 Stealth | -11 -10 -10 -10 -9 -8 -7 -7 -7 -6 -6 -6 --------- Run | Yrd Mat Min Exi Min Mat Fac Was Fac Fac Was Fac Distress Signals 9 | . 2 . . . 2 . . 3 . . 2 Communications Jammed . | . . . . . . . . . . . . Distress Signals . | . . . . . . . . . . . . Times Spotted 178 | . 23 3 . . 24 . 6 24 36 8 54 Peak Tracking Total 12 | . 7 3 . . 7 . 5 10 5 3 12 Tactical Retreats 9 | . 1 . . . . . . 1 . 1 6 Traps | -11 -10 -10 -10 -9 -8 -7 -7 -7 -6 -6 -6 ------- Run | Yrd Mat Min Exi Min Mat Fac Was Fac Fac Was Fac Traps Triggered 7 | . 1 . . . 1 2 . . 3 . . Indirectly . | . . . . . . . . . . . . Trap Hack Attempts 9 | . . . . . . 3 . . . . 6 Triggered . | . . . . . . . . . . . . Disarmed . | . . . . . . . . . . . . Reprogrammed 1 | . . . . . . . . . . . 1 Reused 1 | . . . . . . . . . . . 1 Traps Extracted . | . . . . . . . . . . . . Installed . | . . . . . . . . . . . . Triggered 1 | . . . . . . . . . . . 1 Machines | -11 -10 -10 -10 -9 -8 -7 -7 -7 -6 -6 -6 ---------- Run | Yrd Mat Min Exi Min Mat Fac Was Fac Fac Was Fac Machines Disabled 10 | . . . . . . . . 4 4 . 2 Max in Single Turn 2 | . . . . . . . . 1 2 . 1 Garrison Access 1 | . . . . . . . . 1 . . . Machines Repaired . | . . . . . . . . . . . . Machines Dismantled . | . . . . . . . . . . . . Machines Sabotaged . | . . . . . . . . . . . . Overloaded Fab Kills . | . . . . . . . . . . . . Hacking | -11 -10 -10 -10 -9 -8 -7 -7 -7 -6 -6 -6 --------- Run | Yrd Mat Min Exi Min Mat Fac Was Fac Fac Was Fac Machines Accessed 21 | . 5 . 3 . 3 1 . 5 3 . 1 Terminals 6 | . 2 . . . 1 . . 3 . . . Fabricators 2 | . . . . . . . . . 1 . 1 Repair Stations 2 | . 1 . . . . . . 1 . . . Recycling Units 3 | . 2 . . . . 1 . . . . . Scanalyzers 4 | . . . . . 2 . . 1 1 . . Garrison Access 1 | . . . . . . . . . 1 . . Total Hacks 77 | . 15 . 18 . 16 2 . 18 5 . 3 Successful 58 | . 12 . 18 . 14 . . 8 4 . 2 Failed 19 | . 3 . . . 2 2 . 10 1 . 1 Catastrophic 6 | . 2 . . . . . . 3 1 . . Database Lockouts . | . . . . . . . . . . . . Manual 4 | . . . 1 . . . . 3 . . . Terminals 17 | . 4 . . . 2 . . 11 . . . Fabricators 4 | . . . . . . . . . 1 . 3 Repair Stations 13 | . 9 . . . . . . 4 . . . Recycling Units 4 | . 2 . . . . 2 . . . . . Scanalyzers 20 | . . . . . 14 . . 3 3 . . Garrison Access 1 | . . . . . . . . . 1 . . Terminal Hacks 26 | . 2 . 18 . 1 . . 5 . . . Record 18 | . . . 17 . . . . 1 . . . Robot Analysis 3 | . 2 . . . . . . 1 . . . Alert Level 1 | . . . . . . . . 1 . . . Unreport Threat 1 | . . . . . . . . 1 . . . Locate Traps 1 | . . . . . . . . 1 . . . Dispatch Records 1 | . . . . . 1 . . . . . . Derelict Proto ID Bank 1 | . . . 1 . . . . . . . . Fabricator Hacks 3 | . . . . . . . . . 1 . 2 Network Status 1 | . . . . . . . . . 1 . . Load Schematic 1 | . . . . . . . . . . . 1 Build 1 | . . . . . . . . . . . 1 Repair Station Hacks 10 | . 8 . . . . . . 2 . . . Scan Component 5 | . 4 . . . . . . 1 . . . Repair 5 | . 4 . . . . . . 1 . . . Recycling Unit Hacks 2 | . 2 . . . . . . . . . . Report Inventory 2 | . 2 . . . . . . . . . . Scanalyzer 17 | . . . . . 13 . . 1 3 . . Insert Component 9 | . . . . . 6 . . 1 2 . . Analyze 8 | . . . . . 7 . . . 1 . . Garrison Access Hacks . | . . . . . . . . . . . . Unauthorized Hacks . | . . . . . . . . . . . . Terminals . | . . . . . . . . . . . . Fabricators . | . . . . . . . . . . . . Repair Stations . | . . . . . . . . . . . . Recycling Units . | . . . . . . . . . . . . Scanalyzers . | . . . . . . . . . . . . Garrison Access . | . . . . . . . . . . . . Data Cores Recovered . | . . . . . . . . . . . . Used . | . . . . . . . . . . . . Hacking Detections 15 | . 4 . . . 1 1 . 5 3 . 1 Full Trace Events 5 | . 1 . . . . . . 2 1 . 1 Feedback Events 2 | . 1 . . . . . . 1 . . . Corruption 2 | . 1 . . . . . . 1 . . . Feedback Blocked . | . . . . . . . . . . . . Robot Schematics Acquired . | . . . . . . . . . . . . Robots Built . | . . . . . . . . . . . . Authchips . | . . . . . . . . . . . . Time . | . . . . . . . . . . . . Total Robot Build Rating . | . . . . . . . . . . . . Part Schematics Acquired 7 | . . . . . 6 . . . 1 . . Parts Built 2 | . . . . . . . . . . . 2 Authchips . | . . . . . . . . . . . . Time 25 | . . . . . . . . . . . 25 Total Part Build Rating 2 | . . . . . . . . . . . 2 Parts Repaired 5 | . 4 . . . . . . 1 . . . Time 154 | . 110 . . . . . . 44 . . . Parts Recycled . | . . . . . . . . . . . . Recycled Matter . | . . . . . . . . . . . . Retrieved Matter . | . . . . . . . . . . . . Retrieved Components . | . . . . . . . . . . . . Parts Scanalyzed 8 | . . . . . 6 . . 1 1 . . Part Schematics Acquired 7 | . . . . . 6 . . . 1 . . Parts Damaged . | . . . . . . . . . . . . Bothacking | -11 -10 -10 -10 -9 -8 -7 -7 -7 -6 -6 -6 ------------ Run | Yrd Mat Min Exi Min Mat Fac Was Fac Fac Was Fac Used RIF Installer . | . . . . . . . . . . . . Robots Hacked . | . . . . . . . . . . . . Non-combat . | . . . . . . . . . . . . Combat . | . . . . . . . . . . . . Robot Hacks Applied . | . . . . . . . . . . . . Relay Couplers Released 2 | . . . . . . . . 2 . . . Machine Destruction 2 | . . . . . . . . 2 . . . Fabnet Peak Effective % . | . . . . . . . . . . . . Robots Rewired . | . . . . . . . . . . . . Allies Hacked . | . . . . . . . . . . . . Hacks Repelled . | . . . . . . . . . . . . Allies | -11 -10 -10 -10 -9 -8 -7 -7 -7 -6 -6 -6 -------- Run | Yrd Mat Min Exi Min Mat Fac Was Fac Fac Was Fac Total Allies 41 | . . . . . . . 19 . 3 19 . Largest Group 19 | . . . . . . . 18 15 3 19 17 Highest-Rated Group 684 | . . . . . . . 444 367 93 684 632 Highest-Rated Ally 50 | . . . . . . . 35 35 31 50 50 Total Orders . | . . . . . . . . . . . . Ally Attacks 482 | . . . . . . . 141 108 30 39 164 Total Damage 13662 | . . . . . . . 3900 2546 502 2324 4390 Kills 69 | . . . . . . . 6 22 5 5 31 Allies Corrupted 3 | . . . . . . . . 1 2 . . Allies Melted 1 | . . . . . . . . 1 . . . Intel | -11 -10 -10 -10 -9 -8 -7 -7 -7 -6 -6 -6 ------- Run | Yrd Mat Min Exi Min Mat Fac Was Fac Fac Was Fac Robot Analysis Total 3 | . 2 . . . . . . 1 . . . Derelict Logs Recovered 2 | . . 1 . 1 . . . . . . . Drone Launches . | . . . . . . . . . . . . Drone Recoveries . | . . . . . . . . . . . . Exploration | -11 -10 -10 -10 -9 -8 -7 -7 -7 -6 -6 -6 ------------- Run | Yrd Mat Min Exi Min Mat Fac Was Fac Fac Was Fac Turns Passed 11666 | 91 1990 376 554 295 1006 198 714 1751 2676 595 1420 Spaces Moved 7330 | 57 1092 226 346 184 484 253 510 1024 1490 525 1139 Core 952 | 12 . . . . 5 132 85 . . 198 520 Treads 5406 | 45 1092 226 346 184 479 . . 908 1490 67 569 Legs . | . . . . . . . . . . . . Wheels . | . . . . . . . . . . . . Hover 972 | . . . . . . 121 425 116 . 260 50 Flight . | . . . . . . . . . . . . Fastest Speed 50 | 50 160 160 160 160 145 50 50 156 160 50 50 Average Speed 141 | 136 160 160 160 160 156 62 127 159 160 97 111 Slowest Speed 300 | 160 160 160 160 160 250 200 300 160 160 160 240 Overloaded Moves . | . . . . . . . . . . . . Propulsion Burnouts . | . . . . . . . . . . . . Robots Hopped . | . . . . . . . . . . . . Cave-ins Triggered . | . . . . . . . . . . . . Time Travels 1 | . . . 1 . . . . . . . . Exploration Rate (%) 43 | 4 92 39 63 34 29 4 97 22 27 96 19 Regions Visited 11 Branch Regions 3 Pre-discovered Areas 1 | . . . . 1 . . . . . . . Known Exits Taken 1 | . . . . . 1 . . . . . . Unknown Exits Taken 6 | 1 1 1 1 1 . . . 1 . . . Scrap Searched 1 | . . . . 1 . . . . . . . Spaces Dug 5 | . 5 . . . . . . . . . . Terrain Destroyed 100 | . 24 . . . 3 . 22 4 29 1 17 Melee . | . . . . . . . . . . . . Projectile 27 | . . . . . . . . 4 5 1 17 AOE 73 | . 24 . . . 3 . 22 . 24 . . Terrain Rammed . | . . . . . . . . . . . . Walls Destroyed . | . . . . . . . . . . . . Machines Disabled . | . . . . . . . . . . . . Actions | -11 -10 -10 -10 -9 -8 -7 -7 -7 -6 -6 -6 --------- Run | Yrd Mat Min Exi Min Mat Fac Was Fac Fac Was Fac Total 8192 | 71 1279 235 347 185 660 295 564 1107 1641 576 1232 Wait 431 | . 113 6 . . 116 22 20 44 76 30 4 Move 7321 | 56 1091 225 345 183 483 253 509 1023 1490 524 1139 Hop . | . . . . . . . . . . . . Pick Up 67 | 8 18 1 1 1 9 5 7 7 3 1 6 Fast Attach 24 | . . . . . . 1 . 5 3 5 10 Attach 52 | 6 7 . . 1 10 6 12 4 3 . 3 Detach 9 | . 1 . . . 1 2 4 . . . 1 Swap 15 | . 1 . . . 3 . . 2 3 . 6 Drop 58 | 1 6 . 1 . 5 3 3 7 4 3 25 Fire 199 | . 42 3 . . 33 . 9 14 59 13 26 Melee . | . . . . . . . . . . . . Ram 6 | . . . . . . . . . . . 6 Kick . | . . . . . . . . . . . . Crush 1 | . . . . . . . . 1 . . . Escape Stasis . | . . . . . . . . . . . . Rewire . | . . . . . . . . . . . . Trap 9 | . . . . . . 3 . . . . 6 Miscellaneous . | . . . . . . . . . . . . Route ------- -11/Scrapyard -10/Materials (discovered 4 exits: [*Mat x2] / [*Min] / [*Sub]) -10/Mines (discovered 3 exits: [*Mat x2] / *Exi) -10/Exiles -9/Mines -8/Materials -7/Factory -7/Waste -7/Factory (discovered 2 exits: *Fac / [*Low]) -6/Factory -6/Waste -6/Factory (discovered 1 exit: *Fac) History --------- Turn | Location | Event 7 | -11/Scrapyard | Discovered new exit (range 15) 92 | -11/Scrapyard | Entered Materials 318 | -10/Materials | Build established: Mutant 467 | -10/Materials | Discovered new exit (range 8) 792 | -10/Materials | Discovered new exit (range 15) 1358 | -10/Materials | Discovered new exit (range 14) 1390 | -10/Materials | Discovered new exit (range 9) 1819 | -10/Materials | Repaired Lgt. Treads 1847 | -10/Materials | Repaired Lgt. Treads 1881 | -10/Materials | Repaired EM Shotgun 1908 | -10/Materials | Repaired Ion Engine 2082 | -10/Materials | Entered Mines 2266 | -10/Mines | Discovered new exit (range 5) 2296 | -10/Mines | Found a damaged Exp. Sensor Array with a note attached 2299 | -10/Mines | Found Prototype Device 2362 | -10/Mines | Learned Materials terminal intel 2396 | -10/Mines | Discovered new exit (range 6) 2447 | -10/Mines | Deemed a non-threat by the Exiles lab entrance 2449 | -10/Mines | Discovered new exit (range 5) 2458 | -10/Mines | Entered Exiles 2511 | -10/Exiles | Met 8R-AWN 2548 | -10/Exiles | Met EX-HEX 2617 | -10/Exiles | Met EX-BIN 2647 | -10/Exiles | Aligned with FarCom system 2649 | -10/Exiles | Given EX-Vault access code 2697 | -10/Exiles | Opened EX-Vault 2817 | -10/Exiles | Found Chronowheel 2818 | -10/Exiles | Activated Chronowheel 2818 | -10/Exiles | Spacetime reconverged on an earlier point 2850 | -10/Exiles | Warned to stay clear of 0b10 Research branches 2905 | -10/Exiles | Met EX-DEC 2986 | -10/Exiles | Discovered new exit (range 12) 3012 | -10/Exiles | Entered Mines 3288 | -9/Mines | Learned location of Recycling (-9) 3290 | -9/Mines | Discovered new exit (range 9) 3307 | -9/Mines | Entered Materials 3307 | -8/Materials | Evolved 4 slots: Propulsion x1, Utility x1, Weapon x2 3308 | -8/Materials | Loaded intel: 12 terminal locations 3608 | -8/Materials | Build established: Skirmisher 4288 | -8/Materials | Core integrity fell below 50% 4295 | -8/Materials | Discovered new exit (range 10) 4309 | -8/Materials | Identified exit to Factory 4313 | -8/Materials | Entered Factory 4313 | -7/Factory | Evolved 2 slots: Utility x2 4317 | -7/Factory | Lost 6 parts (1p3n2w) 4511 | -7/Factory | Sucked down chute 4511 | -7/Factory | Entered Waste 4512 | -7/Waste | Met a frightened Derelict 4528 | -7/Waste | Spotted C-40 Crusher 4561 | -7/Waste | Crushed by Compactor (1 part destroyed, 2 dropped) 4567 | -7/Waste | Crushed by Compactor (1 part destroyed, 1 dropped) 4575 | -7/Waste | Spotted C-40 Crusher 4581 | -7/Waste | Spotted C-40 Crusher 4588 | -7/Waste | Spotted C-40 Crusher 4610 | -7/Waste | Spotted C-40 Crusher 4626 | -7/Waste | Warlord forces began an assault 4627 | -7/Waste | Allies destroyed C-40 Crusher 4635 | -7/Waste | Allies destroyed C-40 Crusher 4637 | -7/Waste | Allies destroyed C-40 Crusher 4640 | -7/Waste | Allies destroyed C-40 Crusher 4641 | -7/Waste | Allies destroyed C-40 Crusher 4859 | -7/Waste | Spotted C-40 Crusher 4878 | -7/Waste | Allies destroyed C-40 Crusher 4894 | -7/Waste | Discovered new exit (range 14) 4907 | -7/Waste | Lost 3 allies 4919 | -7/Waste | Identified exit to Factory 5063 | -7/Waste | Build established: Derelict-Skirmisher 5225 | -7/Waste | Entered Factory 5225 | -7/Factory | Accompanied by 15 allies 5334 | -7/Factory | Garrison activated, responded to threat 5476 | -7/Factory | Discovered new exit (range 14) 5482 | -7/Factory | Lost 7 allies 5615 | -7/Factory | Build established: Gunner 5677 | -7/Factory | Repaired Hvy. Battle Rifle 6636 | -7/Factory | Lost 5 allies 6912 | -7/Factory | Discovered new exit (range 15) 6976 | -7/Factory | Entered another Factory area 6976 | -6/Factory | Accompanied by 1 ally 6976 | -6/Factory | Evolved 2 slots: Power x1, Utility x1 7789 | -6/Factory | Build established: Scavenger-Gunner 8264 | -6/Factory | Allied Derelicts emerged from ambush trap array 8266 | -6/Factory | Lost 3 parts (1p1u1w) 8725 | -6/Factory | Build established: Gunner 8898 | -6/Factory | Discovered new exit (range 16) 8964 | -6/Factory | Identified exit to Factory 9627 | -6/Factory | P-60 Hacker assimilated allied 7T-YUZ(g) 9652 | -6/Factory | Sucked down chute 9652 | -6/Factory | Entered Waste 9667 | -6/Waste | Spotted C-40 Crusher 9682 | -6/Waste | Destroyed C-40 Crusher 9684 | -6/Waste | Spotted C-40 Crusher 9693 | -6/Waste | Destroyed C-40 Crusher 9728 | -6/Waste | Spotted C-40 Crusher 9736 | -6/Waste | Crushed by Compactor (0 parts destroyed, 2 dropped) 9738 | -6/Waste | Destroyed C-40 Crusher 9745 | -6/Waste | Spotted C-40 Crusher 9754 | -6/Waste | Crushed by Compactor (1 part destroyed) 9757 | -6/Waste | Crushed by Compactor (1 part destroyed, 2 dropped) 9788 | -6/Waste | Lost 3 parts (1u2w) 9805 | -6/Waste | Spotted C-40 Crusher 9807 | -6/Waste | Spotted C-40 Crusher 9887 | -6/Waste | Warlord forces began an assault 9903 | -6/Waste | Allies destroyed C-40 Crusher 9911 | -6/Waste | Allies destroyed C-40 Crusher 9912 | -6/Waste | Allies destroyed C-40 Crusher 10219 | -6/Waste | Discovered new exit (range 12) 10236 | -6/Waste | Identified exit to Factory 10247 | -6/Waste | Entered Factory 10247 | -6/Factory | Accompanied by 17 allies 10305 | -6/Factory | Fabricated Lgt. Treads? 10623 | -6/Factory | Discovered exit to Factory (range 13) 10665 | -6/Factory | Lost 4 allies 11114 | -6/Factory | Cargo convoy interrupted 11118 | -6/Factory | P-60 Hacker assimilated allied TQ-9VR(g) 11166 | -6/Factory | Lost 7 allies 11297 | -6/Factory | First assault squad dispatched 11336 | -6/Factory | Build established: Scavenger-Gunner 11367 | -6/Factory | System corruption reached 10% 11424 | -6/Factory | Lost 6 parts (2n4u) 11592 | -6/Factory | Core integrity fell below 50% 11640 | -6/Factory | Core integrity fell below 20% 11665 | -6/Factory | Build established: Mutant 11667 | -6/Factory | Destroyed by C-17 Slicer with Blade Saw Last Messages --------------- >LIO|39W&JVKM YOT< 2YK Acquired 3 matter. Acquired 11 matter. K-01 Serf collects debris. Knocked back. K-01 Serf destroyed. K-01 Serf collects debris. U-05 Engineer lays Concrete. System corrupted: Component data lost. Core Analyzer severed. W-25 Informer sends out distress signal. Knocked back. U-05 Engineer lays Concrete. Slammed into C-17 Slicer. K-01 Serf cleans the Power Conduit. Slammed into K-01 Serf. System corrupted: Component data lost. K-01 Serf cleans the Power Conduit. M-28 Smith repairs Surge Thruster. [Achievement: 10k Club] Map ----- +----------------------------------------------------+ | ?????????????????????????????????????????????????? | | ?????????????????????????????????????????????????? | | ?????????????????????????????????????????????????? | | ?????????????????????????????????????????????????? | | ?????????????????????????????????????????????????? | | ?????????????????????????????????????????????????? | | ?????????????????????????????????????????????????? | | ?????????????????????????????????????????????????? | | ?????????????????????????????????????????????????? | | ?????????????????????????????????????????????????? | | ?????????????????????????????????????????????????? | | ?????????????????????????????????????????????????? | | ?????????????????????????????????????????????????? | | ??????????????????????#??????????????????????????? | | ?????????????????????? ?????????????????????????? | | ????????????????????? !?????????????????????????? | | ????????????????????? ?????????????????????????? | | ????????????????????? ??????#??????????????????? | | ???????????????????"""" ????? #??????????????????? | | ???????????????????"""" """" #??????????????????? | | ?????????????????+ """" """" #??????????????????? | | ?????????????????# """" """" #??????????????????? | | ?????????????????# """" """" #??????????????????? | | ??????????? ????# """" """" #??????????????????? | | ?????????? ????# ku +??????????????????? | | ?????????? #???# @ #???? #????????????? | | ????????? ###########c###### #????????????? | | ######### +????????????? | | ## ##+###????????????????? | | !!! + ^ c #?????????????????????? | | !! #??## """"""""" #?????????????????????? | | !! #???# #?????????????????????? | | #???# """"""""" !#?????????????????????? | | ##### #?????????????????????? | | # Y """""""""%"""#?????????????????????? | | # R"#?????????????????????? | | # """"""""" """#?????????????????????? | | "T" + #?????????????????????? | | """ # % #?????????????????????? | | # ###+###########?????????????????????? | | ######## # % #?????????????????????????? | | ???? # #?????????????????????????? | | ? #"" ! #?????????????????????????? | | #"" #?????????????????????????? | | """ """ """ #"Y """ #?????????????????????????? | | """ """ """ #"" """"" #?????????????????????????? | | """ """ """ #"" """"" #?????????????????????????? | | ?? # #?????????????????????????? | | "???""" ??" ###########?????????????????????????? | | "????"" ??" #???????????????????????????????????? | +----------------------------------------------------+ Best States ------------- Heat Dissipation 37 Energy Generation 29 Energy Capacity 1025 Matter Stores 300 Matter Capacity 300 Sight Range 16 Terrain Scan Density 10 ECM Strength 2 Armor Coverage 450 Evasion (%) 53 Targeting Accuracy 24 Core Analysis 6 Recoil Reduction 3 Offensive Hacking 24 Item Schematics ----------------- Hacking Suite | -8/Materials | Scanalyzed Datajack | -8/Materials | Scanalyzed Gauss Rifle | -8/Materials | Scanalyzed Mining Laser | -8/Materials | Scanalyzed Lgt. Treads | -8/Materials | Scanalyzed Lgt. Armor Plating | -8/Materials | Scanalyzed Adv. Targeting Computer | -6/Factory | Scanalyzed Robot Schematics ------------------ None Fabricated ------------ Lgt. Treads | x2 | -6/Factory Alien Tech Used ----------------- None Achievements -------------- 10k Club Armchair Analyst Below Just What I Needed The More The Merrier Challenges ------------ None Game ------ Seed TripodHardcellJammer Manual? 0 Play Time 01:30:35 Cumulative 13.4 hours Start 2024.04.11 @ 13:59:50 End 2024.04.11 @ 16:01:47 Sessions 1 Manual Loads 0 Difficulty Rogue Special Mode None Game No. 27 Rogue 27 Adventurer 0 Explorer 0 Win Type - Total 0 Types 0/0/0/0/0/0/0/0/0 Lore% 20 Gallery% 19 Achievement% 19 Wizard Run 0 Options --------- Layout 0 ASCII 0 Keyboard 0 Movement Arrows Keybinds 0 Fullscreen 1 Font 18/SmallcapsGlow Map View 76x50 Zoom Use 0% Tactical HUD 0 Map Filters NONE Filters NONE Steam 1 RUN: caef80ec-f2ff-44fc-ba8e-c71f4a60750d